 Dungeon Crawl Stone Soup version 0.23.2-1-ga50397a6bc (webtiles) character file.

Game seed: 1740217047659243610

1638 FluffierThanThou the Protected (level 8, -1/112 HPs)
             Began as a Minotaur Fighter on May 17, 2019.
             Was a Follower of Okawaru.
             Slain by Edmund
             ... wielding a +2 flail of draining
              (6 damage)
             ... on level 6 of the Dungeon.
             The game lasted 00:13:28 (4269 turns).

FluffierThanThou the Protected (Minotaur Fighter)   Turns: 4269, Time: 00:13:29

Health: -1/112     AC:  9    Str: 27    XL:     8   Next: 66%
Magic:  7/7        EV:  8    Int:  5    God:    Okawaru [*.....]
Gold:   401        SH: 10    Dex: 11    Spells: 7/7 levels left

rFire    . . .     SeeInvis .   a - +0 war axe
rCold    + . .     Gourm    .   c - +0 shield
rNeg     . . .     Faith    .   w - +2 ring mail {rC+}
rPois    .         Spirit   .   (helmet restricted)
rElec    .         Reflect  .   t - scarf {repulsion}
rCorr    +         Harm     .   (no gloves)
MR       .....                  d - +0 pair of boots
Stlth    ..........             (no amulet)
HPRegen  0.28/turn              j - +4 ring of slaying
MPRegen  0.10/turn              B - ring of resist corrosion

@: berserking, heavily drained, repel missiles, very quick
A: retaliatory headbutt, horns 2
a: Heroism, Renounce Religion


You were on level 6 of the Dungeon.
You worshipped Okawaru.
Okawaru was aware of your devotion.
You were not hungry.

You visited 2 branches of the dungeon, and saw 7 of its levels.

You collected 401 gold pieces.

Inventory:

Hand Weapons
 a - a +0 war axe (weapon)
Armour
 b - a +0 scale mail
 c - a +0 shield (worn)
 d - a +0 pair of boots (worn)
 t - a scarf of repulsion (worn)
 w - a +2 ring mail of cold resistance (worn)
Jewellery
 j - a +4 ring of slaying (left hand)
 n - an uncursed ring of stealth
 B - a ring of resist corrosion (right hand)
Wands
 y - a wand of acid (7)
 z - a wand of iceblast (7)
Scrolls
 e - 3 scrolls of teleportation
 g - a scroll of identify {unknown}
 h - a scroll of immolation {unknown}
 k - a scroll of noise {unknown}
 l - a scroll of magic mapping {unknown}
 o - a scroll of random uselessness {unknown}
 s - 3 scrolls of remove curse {unknown}
 u - 2 scrolls of enchant weapon {unknown}
Potions
 i - a potion of heal wounds {unknown}
 m - a potion of lignification {unknown}
 p - 2 potions of curing {unknown}
 q - a potion of degeneration {unknown}
 r - a potion of mutation {unknown}
 x - 3 potions of magic {unknown}
 A - a potion of haste {unknown}
 C - a potion of invisibility {unknown}
Comestibles
 f - 14 rations


   Skills:
 * Level 8.4(6.3) Fighting
 + Level 5.8(3.7) Axes
 * Level 8.5(6.3) Armour
 + Level 6.5(4.4) Shields


You had 7 spell levels left.
You didn't know any spells.
Your spell library was empty.

Dungeon Overview and Level Annotations

Branches:
Dungeon (6/15)             Temple (1/1) D:5

Altars:
Ashenzari
Cheibriados
Elyvilon
Fedhas
Gozag
Hepliaklqana
Kikubaaqudgha
Makhleb
Okawaru
Qazlal
Ru
Sif Muna
Vehumet
Wu Jian
Xom
Yredelemnul
Zin

Shops:
D:5 (

Annotations:
D:6 Edmund


Innate Abilities, Weirdness & Mutations

You reflexively headbutt those who attack you in melee.
You have a pair of horns on your head.


Message History

You slash Edmund!
Edmund is severely wounded.
Edmund hits you with a +2 flail of draining!
* * * LOW HITPOINT WARNING * * *
You feel drained.
* * * LOW HITPOINT WARNING * * *
Edmund hits you with a +2 flail of draining.
* * * LOW HITPOINT WARNING * * *
You feel drained.
* * * LOW HITPOINT WARNING * * *
A red film seems to cover your vision as you go berserk!
You feel yourself moving faster!
You feel mighty!
Edmund hits you with a +2 flail of draining.
* * * LOW HITPOINT WARNING * * *
You feel drained.
* * * LOW HITPOINT WARNING * * *
You hit Edmund. You headbutt Edmund!
Edmund is almost dead.
Edmund hits you with a +2 flail of draining.
You die...

#...###.....#..#.# #...#
#.....##.#.##### ###...#
#..............#
......###.....##.##.##.#
###.........####..#.##.#
.<#........[#####.#.##.#########
##.÷.................#.#.......#
..÷............@...#.#.#.#####.#
##..............@......#.# #.#
#.......................# #.#
........##########...#### #.#
.....5..# #......#..########.#
.........# #.####.#...#.......#
.........####.#<.#'##..#.#######
#.......#..........#....#
#......†...#....#
#..........##...#


You could see Edmund (berserk).

Vanquished Creatures
  Grinder (D:6)
  The ghost of MajorAdolf the Skirmisher, an amateur NaWn (D:4)
  A hornet zombie (D:6)
  A necrophage (D:6)
  3 ogres (D:5)
  A scorpion (D:5)
  A crimson imp (D:6)
  3 hounds
  5 orc priests
  A jelly (D:5)
  4 orc wizards
  2 iguanas
  Natasha (thrice) (D:4)
  A worker ant (D:4)
  2 hound skeletons
  8 adders
  2 shadow imps
  4 oozes
  An adder skeleton (D:5)
  A dart slug (D:3)
  5 worms
  4 leopard geckos
  10 orcs
  4 ball pythons
  9 bats
  4 giant cockroaches
  12 goblins
  10 hobgoblins
  9 jackals
  2 quokkas
  8 frilled lizards
  A giant cockroach zombie (D:5)
  A jackal zombie (D:5)
  5 kobolds
  9 rats
  A plant (D:5)
140 creatures vanquished.

Vanquished Creatures (others)
  A rat (D:3)
1 creature vanquished.

Grand Total: 141 creatures vanquished

Notes
Turn   | Place    | Note
-------+----------+-------------------------------------------
     0 | D:1      | FluffierThanThou the Minotaur Fighter began the quest for
                  | the Orb.
     0 | D:1      | Reached XP level 1. HP: 19/19 MP: 0/0
   112 | D:1      | Reached XP level 2. HP: 27/27 MP: 1/1
   435 | D:1      | Reached XP level 3. HP: 33/33 MP: 2/2
   825 | D:2      | Reached XP level 4. HP: 32/41 MP: 3/3
  1418 | D:3      | Found a stormy altar of Qazlal.
  1500 | D:3      | Reached XP level 5. HP: 46/47 MP: 4/4
  1536 | D:3      | Reached skill level 5 in Fighting
  1536 | D:3      | Reached skill level 5 in Armour
  2159 | D:4      | Found a shimmering altar of Xom.
  2185 | D:4      | Reached XP level 6. HP: 16/56 MP: 5/5
  2402 | D:4      | Found a shattered altar of Ashenzari.
  2507 | D:4      | Found a radiant altar of Vehumet.
  2605 | D:4      | Noticed Natasha
  2610 | D:4      | Killed Natasha
  2610 | D:4      | Reached skill level 5 in Shields
  2689 | D:4      | Noticed Natasha
  2693 | D:4      | Killed Natasha
  2697 | D:4      | Noticed Natasha
  2699 | D:4      | Found a runed translucent gate.
  2700 | D:4      | Found a runed translucent gate.
  2702 | D:4      | Killed Natasha
  2703 | D:4      | Found a runed translucent gate.
  2703 | D:4      | Found an opulent altar of Gozag.
  2706 | D:4      | Noticed MajorAdolf's ghost (amateur NaWn)
  2781 | D:4      | Killed MajorAdolf's ghost
  2781 | D:4      | Reached XP level 7. HP: 64/64 MP: 6/6
  3128 | D:5      | Entered Level 5 of the Dungeon
  3233 | D:5      | Found Quraqomasa's Antique Weapon Shoppe.
  3291 | D:5      | Reached skill level 5 in Axes
  3504 | D:5      | Reached XP level 8. HP: 70/73 MP: 7/7
  3587 | D:5      | Found a staircase to the Ecumenical Temple.
  3593 | Temple   | Entered the Ecumenical Temple
  3653 | Temple   | Became a worshipper of Warmaster Okawaru
  4128 | D:6      | Reached * piety under Okawaru
  4233 | D:6      | Noticed Grinder
  4252 | D:6      | Noticed Edmund
  4262 | D:6      | Killed Grinder
  4268 | D:6      | HP: 5/112 [Edmund/+2 flail of draining (1)]
  4269 | D:6      | Slain by Edmund

Skill      XL: |  1  2  3  4  5  6  7  8 |
---------------+-------------------------+-----
Armour         | 4 5 6 7 8 |  8.5
Fighting       | 4 5 6 7 8 |  8.4
Shields        | 4 5 6 |  6.5
Axes           | 3 4 5 |  5.8

Action                   |  1- 3 |  4- 6 |  7- 9 || total
-------------------------+-------+-------+-------++-------
Melee: War axe           |    82 |   126 |    99 ||   307
       Headbutt          |     8 |    16 |    28 ||    52
  Use: Scroll            |       |     1 |       ||     1
       Potion            |       |     1 |     1 ||     2
 Stab: Sleeping          |       |       |     1 ||     1
  Eat: Chunk             |       |     6 |     3 ||     9
       Ration            |       |       |     1 ||     1
Armor: Scale mail        |    46 |    55 |     8 ||   109
       Ring mail         |       |       |    24 ||    24
Dodge: Dodged            |    23 |    33 |    22 ||    78
Block: Shield            |    49 |    53 |    40 ||   142
